 Dungeon Crawl Stone Soup version 0.30-a0-996-ga6910c8ee8 (webtiles) character file.

Game seed: 14462540364306282941

347 ytrimaz the Chopper (level 6, 0/47 HPs)
             Began as a Formicid Fighter on Apr 5, 2023.
             Slain by Terence
             ... wielding a +3 flail of protection
              (9 damage)
             ... on level 3 of the Dungeon.
             The game lasted 00:02:33 (2342 turns).

ytrimaz the Chopper (Formicid Fighter)              Turns: 2342, Time: 00:02:34

Health: 0/47       AC:  6    Str: 21 (22) XL:     6   Next: 90%
Magic:  6/6        EV:  9    Int:  8      God:
Gold:   143        SH:  5    Dex: 13      Spells: 5/5 levels left

rFire   . . .      SeeInvis +    a - +0 war axe
rCold   . . .      Faith    .    c - +0 buckler
rNeg    . . .      Spirit   .    b - +0 scale mail
rPois   .          Reflect  .    (helmet unavailable)
rElec   .          Rampage  .    (no cloak)
rCorr   .                        (no gloves)
Will    +....                    (no boots) Stlth
                                 k - amulet of magic regeneration
HPRegen 0.27/turn                j - ring of willpower
MPRegen 0.50/turn                (no ring)

@: mighty
A: permanent stasis, dig shafts and tunnels, antennae 3, four strong arms
a: Dig, Shaft Self


You were on level 3 of the Dungeon.
You visited 1 branch of the dungeon, and saw 3 of its levels.

You collected 143 gold pieces.


Innate Abilities, Weirdness & Mutations

You cannot be hasted, slowed, berserked, paralysed or teleported.
You can dig through walls and to a lower floor.
You have a pair of large antennae on your head. (SInv)
Your four strong arms can wield two-handed weapons with a shield.


   Skills:
 - Level 3.2 Fighting
 + Level 6.8 Axes
 - Level 3.2 Armour
 - Level 4.0 Shields


You had 5 spell levels left.
You didn't know any spells.
Your spell library contained the following spells:

 Spells                   Type           Power      Damage    Failure   Level
 Sublimation of Blood     Necr           0%         N/A       91%         2
 Wereblood                Tmut           0%         N/A       91%         2
 Summon Hydra             Summ           0%         N/A       100%        7

Inventory:

Hand Weapons
 a - a +0 war axe (weapon)
Armour
 b - a +0 scale mail (worn)
 c - a +0 buckler (worn)
Jewellery
 j - a ring of willpower (left hand)
   (You found it on level 2 of the Dungeon)
 k - an amulet of magic regeneration (around neck)
   (You found it on level 2 of the Dungeon)
Scrolls
 h - 2 scrolls of fog
Potions
 e - a potion of attraction
 g - a potion of curing

Dungeon Overview and Level Annotations

Branches:
Dungeon (3/15) Zot: 15569

Altars:
Dithmenos

Annotations:
D:3 1 runed translucent door, Terence; cforsyth's ghost, amateur OpSu

..........###. #.
#...##.............
##.###.... ...##.##.###.
..r....... #.##.##.# #.
#.......# #.......# #.
##.......## ###...### #.
#.........# #...######
#.....)l..# #...##....
#.....)@..# #...#...##
##....@).######........#
##.....#...............
......#.................
###.....#...............
#.....#######...<.....
#.....#######...#...##
.....###...##...##.##
#.#.. #.###.#...####


You could see Terence, a frilled lizard and a rat.


Message History

Ijyb screams, "Get away!"
Ijyb hits you but does no damage.
Unknown command.
You barely miss Ijyb. Ijyb closely misses you.
Ijyb drinks a potion.
Ijyb seems to grow stronger. 😕 HP[+1]
You slash Ijyb! You completely miss the orc. Ijyb hits you but does no damage.
The orc barely misses you.
You closely miss Ijyb. You hit the orc but do no damage.
Ijyb hits you but does no damage. The orc barely misses you.
A goblin comes into view. It is wielding a +0 club.
The goblin shouts!
You hit Ijyb. You hit the orc but do no damage.
You hear an angry hiss.
Ijyb hits you with a +0 dagger. You block the orc's attack. 😕 HP[-1]
You take 1 damage, and now have 38/47 hp.
Unknown command.
You barely miss Ijyb. You hit the orc. Ijyb hits you with a +0 dagger.
The orc hits you but does no damage. 😕 HP[-2]
You take 2 damage, and now have 36/47 hp.
You barely miss Ijyb. You closely miss the orc.
Ijyb zaps a wand.
The roots erupt in riotous growth!
The grasping roots grab you!
Ijyb is unaffected.
The orc is unaffected.
The grasping roots constrict you. The orc hits you with a +0 club.
You hear an angry hiss.
You are too injured to fight recklessly! 😮 HP[-3]
You take 3 damage, and now have 33/47 hp.
You hit Ijyb. You slash the orc!
You kill the orc!
Ijyb hits you with a +0 dagger! The grasping roots constrict you.
* * * LOW HITPOINT WARNING * * *
Terence the Incautious comes into view.
He is wielding a +3 flail of protection and wearing a +2 scale mail of cold resistance.
Ijyb hits you with a +0 dagger.
* * * LOW HITPOINT WARNING * * *
The grasping roots constrict you.
* * * LOW HITPOINT WARNING * * *
You closely miss Ijyb.
You hear the quick rusting of a drain nearby.
You block Ijyb's attack. The grasping roots constrict you.
* * * LOW HITPOINT WARNING * * *
The grasping roots release their grip on you. 😨 HP[-21]
You take 21 damage, and now have 12/47 hp.
MASSIVE DAMAGE!! (PAUSE)
You feel much better. Ijyb hits you but does no damage.
A frilled lizard comes into view. 😕 HP[+27]
You regained 27 hp, and now have 39/47 hp.
You feel very mighty all of a sudden.
Ijyb zaps a wand.
The roots erupt in riotous growth!
The grasping roots grab you!
Ijyb is unaffected.
The goblin is unaffected.
The grasping roots constrict you. The goblin barely misses you.
You hear a shout!
You barely miss Ijyb. You barely miss the goblin. Ijyb closely misses you.
The grasping roots constrict you.
The goblin hits you but does no damage. 😮 HP[-4]
You take 4 damage, and now have 35/47 hp.
Unknown command.
You closely miss Ijyb. You barely miss the goblin. You block Ijyb's attack.
The grasping roots constrict you.
The goblin hits you but does no damage. 😮 HP[-3]
You take 3 damage, and now have 32/47 hp.
You barely miss Ijyb. You closely miss the goblin. You barely miss Terence.
The goblin barely misses you. You block Ijyb's attack.
The grasping roots constrict you. Terence barely misses you. 😮 HP[-2]
You take 2 damage, and now have 30/47 hp.
Unknown command.
You slice the goblin!!
You kill the goblin!
You barely miss Ijyb. You closely miss Terence. Ijyb hits you with a +0 dagger.
The grasping roots constrict you.
Terence hits you with a +3 flail of protection!
* * * LOW HITPOINT WARNING * * *
A rat comes into view.
Ijyb hits you with a +0 dagger.
* * * LOW HITPOINT WARNING * * *
The grasping roots constrict you.
* * * LOW HITPOINT WARNING * * *
You block Terence's attack.
The grasping roots release their grip on you. 😱 HP[-21]
You take 21 damage, and now have 9/47 hp.
MASSIVE DAMAGE!! (PAUSE) Unknown command.
You barely miss Terence. You slash Ijyb!
You kill Ijyb!
You closely miss the frilled lizard.
Terence hits you with a +3 flail of protection!
You die...

Skill      XL: |  1  2  3  4  5 |
---------------+----------------+-----
Axes           | 3 4 6 |  6.8
Fighting       | |  3.2
Armour         | |  3.2
Shields        | |  4.0

Action                     |  1- 3 |  4- 6 || total
---------------------------+-------+-------++-------
  Melee: War axe           |    69 |   110 ||   179
    Use: Potion            |     4 |     2 ||     6
         Scroll            |     2 |     6 ||     8
 Armour: Scale mail        |    33 |    42 ||    75
  Dodge: Dodged            |    30 |    53 ||    83
  Block: Buckler           |    18 |    23 ||    41

Levels and vault maps discovered:
D:1:      eino_arrival_cavern_e, layout_basic
D:2:      minmay_roachtagon, layout_loops_cross, basic_altar, kennysheep_boxes,
          uniq_natasha
D:3:      layout_loops_cross, ebering_ghost_sewer_d, portal_sewer_entry_d,
          minmay_pentomino_pile, uniq_terence, uniq_jessica, uniq_ijyb,
          uniq_grinder

Notes
Turn   | Place    | Note
-------+----------+-------------------------------------------
     0 | D:1      | ytrimaz the Formicid Fighter began the quest for the Orb.
     0 | D:1      | Reached XP level 1. HP: 18/18 MP: 1/1
     0 | D:1      | magus.rc [v1.9.6]
    51 | D:1      | Reached XP level 2. HP: 23/24 MP: 2/2
   148 | D:1      | Reached skill level 3 in Axes
   406 | D:1      | Reached XP level 3. HP: 23/29 MP: 3/3
   500 | D:1      | You pick up a book of Blood and begin reading...
   500 | D:1      | You add the spells Sublimation of Blood, Wereblood and
                  | Summon Hydra to your library.
   901 | D:2      | Noticed Natasha
   923 | D:2      | Killed Natasha
   924 | D:2      | Reached skill level 4 in Axes
   924 | D:2      | Reached XP level 4. HP: 11/35 MP: 4/4
  1354 | D:2      | HP: 7/35 [worm (7)]
  1513 | D:2      | Reached XP level 5. HP: 39/41 MP: 5/5
  1520 | D:2      | Identified the +6 whip of Eternal War {vamp, Drain Will++
                  | Dex+6}
  1769 | D:2      | Found a shadowy altar of Dithmenos.
  1928 | D:2      | Noticed Natasha
  1931 | D:2      | Killed Natasha
  1932 | D:2      | Reached skill level 5 in Axes
  1992 | D:3      | Noticed Grinder
  2010 | D:3      | Killed Grinder
  2011 | D:3      | Reached skill level 6 in Axes
  2011 | D:3      | Reached XP level 6. HP: 32/47 MP: 6/6
  2148 | D:3      | Found a runed translucent door.
  2157 | D:3      | Noticed cforsyth's ghost (amateur OpSu)
  2323 | D:3      | Noticed Ijyb
  2334 | D:3      | Noticed Terence
  2341 | D:3      | HP: 10/47 [Ijyb/+0 dagger (5)]
  2342 | D:3      | Killed Ijyb
  2342 | D:3      | Slain by Terence

Vanquished Creatures
  Grinder (D:3)
  Ijyb (D:3)
  Natasha (twice) (D:2)
  2 adders (D:2)
  An ufetubus (D:3)
  4 worms
  3 dart slugs
  2 orcs (D:3)
  2 ball pythons
  An endoplasm (D:2)
  10 giant cockroaches
  6 goblins
  6 hobgoblins
  4 jackals
  3 quokkas
  4 bats
  2 frilled lizards (D:1)
  8 kobolds
  4 rats
66 creatures vanquished.

Table legend:
 A = Non-vault XP
 B = Vault XP
 C = Vault XP percentage of total XP
 D = Non-vault monster count
 E = Vault monster count
 F = Vault count percentage of total count
                 A         B        C        D         E       F
            +---------+---------+-------+---------+---------+-------
      Total |     176 |     356 |  66.9 |      54 |      12 |  18.2
            +---------+---------+-------+---------+---------+-------
        D:1 |      39 |       0 |   0.0 |      22 |       0 |   0.0
        D:2 |     104 |      53 |  33.8 |      21 |      10 |  32.3
        D:3 |      33 |     303 |  90.2 |      11 |       2 |  15.4
            +---------+---------+-------+---------+---------+-------

Illustrated notes

Table legend:
 A = Kills in this place as a percentage of kills in the entire game.
 B = Kills by you in this place as a percentage of kills by you in the entire game.
 C = Kills by friends in this place as a percentage of kills by friends in the entire game.
 D = Other kills in this place as a percentage of other kills in the entire game.
 E = Experience gained in this place as a percentage of experience gained in the entire game.
 F = Experience gained in this place divided by the number of levels of this place that you have seen.
                   A       B       C       D       E      F
               +-------+-------+-------+-------+-------+----------------------
         Total | 100.0 | 100.0 |   N/A |   N/A | 100.0 | 177.3
       Dungeon | 100.0 | 100.0 |   N/A |   N/A | 100.0 | 177.3
               +-------+-------+-------+-------+-------+----------------------

Table legend: (Time is in decaauts)
 A = Elapsed time spent in this place.
 B = Non-inter-level travel time spent in this place.
 C = Inter-level travel time spent in this place.
 D = Time resting spent in this place.
 E = Time spent auto-exploring this place.
 F = Levels seen in this place.
 G = Mean time per level.
                   A        B        C        D        E       F      G
               +--------+--------+--------+--------+--------+-----+--------+
         Total |   2429 |   2346 |     83 |      0 |   1835 |   3 |  809.7 |
       Dungeon |   2429 |   2346 |     83 |      0 |   1835 |   3 |  809.7 |
               +--------+--------+--------+--------+--------+-----+--------+

Top non-repeatable levels by time:
     D:2: 1170 daAuts
     D:1: 846 daAuts
     D:3: 412 daAuts
